 Dungeon Crawl Stone Soup version 0.26.0-20-g3ca415f5b8 (webtiles) character file.

Game seed: 7804004453788340948

1822 Demosthentine the Skirmisher (level 9, -3/81 HPs)
             Began as a Hill Orc Monk on Jan 24, 2021.
             Slain by Joseph
             ... wielding a +0 quarterstaff
              (13 damage)
             ... while paralysed by Joseph
             ... on level 7 of the Dungeon.
             The game lasted 00:08:12 (8552 turns).

Demosthentine the Skirmisher (Hill Orc Monk)        Turns: 8552, Time: 00:08:13

Health: -3/81      AC:  8    Str: 15    XL:     9   Next: 10%
Magic:  9/9        EV:  2    Int: 10    God:
Gold:   235        SH:  0    Dex: 15    Spells: 8/8 levels left

rFire    + + +     SeeInvis .   a - +1 spear
rCold    + . .     Faith    .   (no shield)
rNeg     . . .     Spirit   .   n - +0 leather armour
rPois    .         Reflect  .   j - +0 helmet
rElec    .         Harm     .   f - scarf {rC+ rF+}
rCorr    .         Rampage  .   o - +0 pair of gloves
Will     .....                  i - +1 pair of boots
Stlth    ++........             (no amulet)
HPRegen  0.23/turn              g - ring of protection from fire
MPRegen  0.11/turn              b - ring of protection from fire

@: paralysed
A: no striking features
a: no special abilities


You were on level 7 of the Dungeon.
You visited 1 branch of the dungeon, and saw 7 of its levels.

You collected 445 gold pieces.
You spent 210 gold pieces at shops.

Inventory:

Hand Weapons
 a - a +1 spear (weapon)
Armour
 f - a scarf of resistance (worn)
 i - a +1 pair of boots (worn)
 j - a +0 helmet (worn)
 n - a +0 leather armour (worn)
 o - a +0 pair of gloves (worn)
Jewellery
 b - a ring of protection from fire (right hand)
 g - a ring of protection from fire (left hand)
 w - an uncursed ring of stealth {unknown}
Wands
 h - a wand of polymorph (16)
 u - a wand of disintegration (14)
Scrolls
 c - 4 scrolls of enchant armour
 d - 8 scrolls of teleportation
 e - 5 scrolls of identify
 q - 4 scrolls of amnesia
 r - a scroll of remove curse
 s - a scroll of magic mapping
 v - 2 scrolls of enchant weapon
Potions
 k - a potion of lignification
 l - a potion of heal wounds
 m - 2 potions of mutation
 p - a potion of flight
 t - 2 potions of attraction


   Skills:
 + Level 7.8 Fighting
 + Level 7.1 Polearms
 + Level 6.0 Armour
 + Level 5.3 Dodging
 - Level 1.5 Stealth


You had 8 spell levels left.
You didn't know any spells.
Your spell library contained the following spells:

 Spells                   Type           Power        Failure   Level
 Magic Dart               Conj           0%           41%         1
 Blink                    Tloc           N/A          56%         2
 Call Imp                 Summ           0%           56%         2
 Slow                     Hex            0%           56%         2
 Conjure Flame            Conj/Fire      0%           80%         3
 Mephitic Cloud           Conj/Pois/Air  0%           80%         3


Dungeon Overview and Level Annotations

Branches:
Dungeon (7/15)
 Temple: D:4-7

Altars:
Ru
Xom

Shops:
D:7 *

Annotations:
D:7 Joseph


Message History

Joseph is severely wounded.
Joseph misses you.
You hit Joseph.
Joseph is severely wounded.
Joseph hits you with a +0 quarterstaff.
You closely miss Joseph.
Joseph is severely wounded.
Joseph hits you with a +0 quarterstaff!
You completely miss Joseph.
Joseph is severely wounded.
You puncture Joseph!
Joseph is almost dead.
Joseph zaps a wand.
You suddenly lose the ability to move!
Joseph hits you with a +0 quarterstaff!
* * * LOW HITPOINT WARNING * * *
Joseph hits you with a +0 quarterstaff!
* * * LOW HITPOINT WARNING * * *
Joseph zaps a wand.
You easily resist.
Joseph hits you with a +0 quarterstaff!
You die...

#####.# #.
#.. #.##
### ...
... #.. ..
.. ...
#.##.#
#.@#.#
#@#.#
#...######
##..#....#
#(.#.##.#
##(#.##.#
#.#.##.#
#.#.##.#
#.#.##.#
#>#.##.#
##


You could see Joseph.

Vanquished Creatures
  An orc warrior (D:7)
  A black bear (D:6)
  A sky beast (D:5)
  5 ogres
  A phantom (D:7)
  3 bullfrogs
  A wyvern zombie (D:6)
  4 wights (D:6)
  A bullfrog skeleton (D:6)
  A centaur zombie (D:6)
  2 jellies
  2 orc wizards
  Natasha (thrice) (D:2)
  An iguana (D:4)
  3 worker ants
  A hound skeleton (D:6)
  Robin (D:2)
  2 gnolls (D:5)
  9 adders
  A white imp (D:6)
  An ufetubus (D:6)
  2 oozes
  An adder skeleton (D:4)
  A worm (D:2)
  3 dart slugs
  3 leopard geckos
  11 orcs
  A ball python (D:1)
  5 giant cockroaches
  13 goblins
  9 hobgoblins
  8 jackals
  6 quokkas
  10 bats
  10 frilled lizards
  A jackal skeleton (D:4)
  17 kobolds
  10 rats
156 creatures vanquished.

Vanquished Creatures (others)
  69 plants
69 creatures vanquished.

Grand Total: 225 creatures vanquished

Notes
Turn   | Place    | Note
-------+----------+-------------------------------------------
     0 | D:1      | Demosthentine the Hill Orc Monk began the quest for the
                  | Orb.
     0 | D:1      | Reached XP level 1. HP: 19/19 MP: 1/1
   542 | D:1      | Reached XP level 2. HP: 18/27 MP: 2/2
   764 | D:1      | Reached skill level 1 in Armour
   825 | D:1      | Reached XP level 3. HP: 14/33 MP: 3/3
  1818 | D:2      | Reached XP level 4. HP: 40/40 MP: 4/4
  1828 | D:2      | Noticed Robin
  1871 | D:2      | Killed Robin
  2132 | D:2      | Found a shimmering altar of Xom.
  2192 | D:2      | Noticed Natasha
  2216 | D:2      | Killed Natasha
  2217 | D:2      | Reached XP level 5. HP: 38/47 MP: 5/5
  2406 | D:2      | Noticed Natasha
  2498 | D:2      | Killed Natasha
  2507 | D:2      | Noticed Natasha
  2531 | D:2      | Killed Natasha
  3470 | D:3      | Reached XP level 6. HP: 48/55 MP: 6/6
  3478 | D:3      | Reached skill level 5 in Fighting
  4397 | D:4      | Reached skill level 5 in Polearms
  4520 | D:4      | Reached XP level 7. HP: 61/61 MP: 7/7
  5130 | D:5      | Entered Level 5 of the Dungeon
  5238 | D:5      | Found a sacrificial altar of Ru.
  6513 | D:6      | Reached XP level 8. HP: 61/70 MP: 8/8
  7072 | D:6      | Reached skill level 5 in Armour
  7775 | D:6      | Reached skill level 5 in Dodging
  7941 | D:7      | Found Udyg's Assorted Antiques.
  7949 | D:7      | Bought a scroll of enchant weapon for 150 gold pieces
  7949 | D:7      | Bought a scroll of teleportation for 60 gold pieces
  8039 | D:7      | Reached XP level 9. HP: 32/79 MP: 9/9
  8506 | D:7      | Noticed Joseph
  8548 | D:7      | Paralysed by Joseph for 4 turns
  8552 | D:7      | Slain by Joseph

Illustrated notes

Levels and vault maps discovered:
D:1:      roderic_crop_circles_arrival_small, layout_basic, minmay_quantized
D:2:      wad_woods_stonehenge, layout_rooms, minmay_pentomino_o4, uniq_natasha,
          uniq_robin
D:3:      layout_basic
D:4:      layout_gridville
D:5:      layout_gridville, nicolae_ru_sacrificial_ziggurat
D:6:      layout_loops_ring
D:7:      layout_basic, minmay_temple_entry_overgrown, serial_shops, shop,
          eino_jars, uniq_joseph

Skill      XL: |  1  2  3  4  5  6  7  8  9 |
---------------+----------------------------+-----
Armour         | 1 2 3 4 5 6 |  6.0
Fighting       | 4 5 6 7 |  7.8
Polearms       | 4 5 6 7 |  7.1
Dodging        | 3 4 5 |  5.3
Stealth        | |  1.5

Action                   |  1- 3 |  4- 6 |  7- 9 || total
-------------------------+-------+-------+-------++-------
Melee: Spear             |   201 |   323 |   445 ||   969
  Use: Scroll            |     5 |     4 |     5 ||    14
       Potion            |       |     3 |     2 ||     5
 Stab: Sleeping          |     7 |     4 |       ||    11
       Distracted        |       |     1 |       ||     1
Armor: Robe              |    37 |    25 |       ||    62
       Skin              |       |    10 |       ||    10
       Leather armour    |       |    45 |    82 ||   127
Dodge: Dodged            |   114 |   140 |   210 ||   464
